 Dungeon Crawl Stone Soup version 0.27.1-1-g398f81649c (webtiles) character file.

Game seed: 7207064428737729042

856 shoulao the Cudgeller (level 7, -3/61 HPs)
             Began as a Minotaur Berserker on Sept 15, 2021.
             Was a Priest of Trog.
             Slain by an orc (5 damage)
             ... on level 6 of the Dungeon.
             The game lasted 00:10:43 (4537 turns).

shoulao the Cudgeller (Minotaur Berserker)          Turns: 4537, Time: 00:10:43

Health: -3/61      AC:  7    Str: 23    XL:     7   Next: 70%
Magic:  6/6        EV: 11    Int:  4    God:    Trog [***...]
Gold:   169        SH:  0    Dex: 10    Spells: 6/6 levels left

rFire    . . .     SeeInvis .   a - +0 mace
rCold    . . .     Faith    .   (no shield)
rNeg     . . .     Spirit   .   e - +0 scale mail
rPois    .         Reflect  .   (helmet restricted)
rElec    .         Harm     .   (no cloak)
rCorr    .         Rampage  .   (no gloves)
Will     .....                  (no boots)
Stlth    ..........             (no amulet)
HPRegen  0.20/turn              (no ring)
MPRegen  0.10/turn              (no ring)

@: lethally poisoned (-3 -> -5), on berserk cooldown, slowed, very slow
A: horns 2, retaliatory headbutt
a: Renounce Religion, Berserk, Trog's Hand


You were on level 6 of the Dungeon.
You worshipped Trog.
Trog was most pleased with you.
You visited 1 branch of the dungeon, and saw 6 of its levels.

You collected 169 gold pieces.

Inventory:

Hand Weapons
 a - a +0 mace (weapon)
 o - a +0 trident
Armour
 b - a +0 animal skin
 e - a +0 scale mail (worn)
Jewellery
 g - a +6 ring of intelligence
 j - a +6 ring of dexterity
 n - a +6 ring of intelligence
 p - an amulet of the acrobat
Scrolls
 c - a scroll of enchant armour {unknown}
 f - 2 scrolls of teleportation
 l - a scroll of immolation {unknown}
 r - 2 scrolls of identify
 s - a scroll of noise {unknown}
Potions
 d - 2 potions of attraction
 h - a potion of resistance {unknown}
 i - 2 potions of curing
 k - a potion of magic {unknown}
 m - a potion of flight {unknown}


   Skills:
 + Level 5.2 Fighting
 + Level 7.5 Maces & Flails
 + Level 6.5 Armour
 + Level 3.6 Dodging
 + Level 1.1 Stealth


You had 6 spell levels left.
You didn't know any spells.
Your spell library contained the following spells:

 Spells                   Type           Power      Damage    Failure   Level
 Iskenderun's Battlesphe  Conj           0%         2d6       100%        5
 Iron Shot                Conj/Erth      0%         9d1       100%        6
 Spellforged Servitor     Conj/Summ      0%         N/A       100%        7


Dungeon Overview and Level Annotations

Branches:
Dungeon (6/15)
 Temple: D:4-7

Altars:
Qazlal
Vehumet


Innate Abilities, Weirdness & Mutations

You have a pair of horns on your head.
You reflexively headbutt those who attack you in melee.


Message History

Unknown command.
You feel sick. The orc priest misses you.
You sock the orc!
You kill the orc!
Trog accepts your kill.
You feel yourself speed up.
You feel sick.
The orc priest hits you from afar with a +0 trident.
The gnoll hits you but does no damage. The orc hits you with a +0 flail.
You are too berserk!
Deactivating autopickup; reactivate with Ctrl-A.
You sock something! Your headbutt misses something.
You feel sick. The orc priest barely misses you.
You hear some strange, mumbled words.
A puff of flame appears from out of thin air!
The puff of flame hits you!
* * * LOW HITPOINT WARNING * * *
The gnoll closely misses you. The orc barely misses you.
You sock something! Trog accepts your kill.
Trog appreciates your killing of a magic user.
Reactivating autopickup.
You feel a bit more experienced.
The orc priest hits you from afar with a +0 trident.
* * * LOW HITPOINT WARNING * * *
The gnoll hits you with a +0 club.
* * * LOW HITPOINT WARNING * * *
The ogre closely misses you.
You are too berserk!
Unknown command.
You are no longer berserk.
You are exhausted.
You feel yourself slow down.
You feel sick.
Things that are here:
a +0 dagger; an orc corpse You feel sick.
The orc priest hits you from afar with a +0 trident.
* * * LOW HITPOINT WARNING * * *
The orc hits you with a +0 flail.
You die...

.......####............
#........##........##...
........................
....................#
...................#
.....>.............#
...................#
#........g..........#
......)JOo@.........#
......)†o.#.......#.#
......................
.......................
.....................#..
#........##..........#..
##.......# .......
####....# .......


You could see an ogre, a jelly, an orc priest, a gnoll and an orc.

Vanquished Creatures
  A hornet (D:6)
  A wraith (D:6)
  An ogre (D:5)
  A bullfrog zombie (D:6)
  2 hounds (D:4)
  An orc priest (D:5)
  An iguana (D:4)
  4 orc wizards
  A howler monkey zombie (D:6)
  2 gnolls (D:6)
  2 adders
  An ufetubus (D:5)
  A worm (D:2)
  11 dart slugs
  14 orcs
  6 endoplasms
  3 giant cockroaches (D:1)
  5 goblins
  7 hobgoblins
  3 kobolds
  3 quokkas
  8 ball pythons
  5 bats
  7 frilled lizards
  A quokka skeleton (D:4)
  9 rats
101 creatures vanquished.

Vanquished Creatures (others)
  A demonic plant (D:1)
  A fungus (D:1)
  2 plants (D:1)
  2 withered plants (D:1)
6 creatures vanquished.

Grand Total: 107 creatures vanquished

Notes
Turn   | Place    | Note
-------+----------+-------------------------------------------
     0 | D:1      | shoulao the Minotaur Berserker began the quest for the Orb.
     0 | D:1      | Reached XP level 1. HP: 19/19 MP: 0/0
    82 | D:1      | Reached skill level 4 in Maces & Flails
   103 | D:1      | Reached XP level 2. HP: 19/27 MP: 1/1
   201 | D:1      | Found a faded altar of an unknown god.
   919 | D:2      | Reached XP level 3. HP: 33/33 MP: 2/2
  1166 | D:2      | Reached ** piety under Trog
  1705 | D:3      | Found a stormy altar of Qazlal.
  1718 | D:3      | Reached XP level 4. HP: 41/41 MP: 3/3
  1863 | D:3      | Reached skill level 5 in Maces & Flails
  2164 | D:3      | Reached XP level 5. HP: 36/47 MP: 4/4
  2371 | D:4      | Reached *** piety under Trog
  2714 | D:4      | Found a radiant altar of Vehumet.
  3231 | D:5      | Entered Level 5 of the Dungeon
  3240 | D:5      | Reached XP level 6. HP: 53/53 MP: 5/5
  3434 | D:5      | Reached skill level 6 in Maces & Flails
  3434 | D:5      | Reached skill level 5 in Armour
  3434 | D:5      | Reached skill level 1 in Stealth
  4057 | D:6      | Noticed a wraith
  4086 | D:6      | Killed a wraith
  4087 | D:6      | Reached skill level 5 in Fighting
  4087 | D:6      | Reached XP level 7. HP: 11/61 MP: 6/6
  4521 | D:6      | Noticed a hornet
  4528 | D:6      | Paralysed by a hornet for 3 turns
  4531 | D:6      | Killed a hornet
  4532 | D:6      | Reached skill level 7 in Maces & Flails
  4537 | D:6      | HP: 2/61 [orc priest (6)]
  4537 | D:6      | Slain by an orc

Illustrated notes

Levels and vault maps discovered:
D:1:      eino_arrival_water_cross, layout_basic, shapermc_ecumenical_altar_gd,
          chequers_decorated_corner
D:2:      layout_loops_cross
D:3:      layout_rooms, nicolae_qazlal_scattered_showers, interstate_on_off
D:4:      layout_gridville, nicolae_vehumet_radiance
D:5:      layout_rooms
D:6:      layout_rooms, serial_shops, nicolae_shop_behind_doors, kb_rosetta

Skill      XL: |  1  2  3  4  5  6  7 |
---------------+----------------------+-----
Maces & Flails | 4 5 6 7 |  7.5
Fighting       | 4 5 |  5.2
Armour         | 3 4 5 6 |  6.5
Dodging        | 3 |  3.6
Stealth        | 1 |  1.1

Action                   |  1- 3 |  4- 6 |  7- 9 || total
-------------------------+-------+-------+-------++-------
Melee: Mace              |    86 |   104 |    10 ||   200
       Headbutt          |    14 |    31 |     2 ||    47
Invok: Berserk           |     1 |     5 |     1 ||     7
  Use: Scroll            |       |     4 |       ||     4
Armor: Animal skin       |     7 |       |       ||     7
       Scale mail        |    31 |    36 |     9 ||    76
Dodge: Dodged            |    50 |    72 |     8 ||   130
